 Dungeon Crawl Stone Soup version 0.29-a0-648-g6b26cc9f40 (webtiles) character file.

Game seed: 11992140255816474409

497234 chronatog the Warrior (level 24, -21/201 HPs)
             Began as a Gnoll Wanderer on June 17, 2022.
             Was the Champion of the Shining One.
             Demolished by a walking earthen tome (25 damage)
             ... on level 2 of the Depths on June 21, 2022.
             The game lasted 17:41:05 (109548 turns).

chronatog the Warrior (Gnoll Wanderer)            Turns: 109548, Time: 17:41:07

Health: -21/201    AC: 28    Str: 27    XL:     24   Next: 84%
Magic:  32/52      EV: 26    Int: 31    God:    the Shining One [******]
Gold:   1720       SH: 12    Dex: 23    Spells: 1/56 levels left

rFire   + + +      SeeInvis .   q - +8 mithril axe "Arga" {speed, Will+}
rCold   . . .      Faith    .   k - +3 buckler {AC+3}
rNeg    + + +      Spirit   .   A - +5 faerie dragon scales {Rampage Regen+ rCorr Str+5 Slay-3}
rPois   +          Reflect  .   w - +4 hat "Naerph" {Slay+5}
rElec   +          Harm     .   I - +1 cloak
rCorr   +          Rampage  +   g - +2 pair of gloves "Eseushry" {Contam Fly Str+4 Int+7}
Will    +++..                   b - +1 pair of boots "Jim Jat" {rElec rF+ Will+ Str+3}
Stlth   ++........              m - amulet of Pequm {Drain rF++ Regen+ rCorr}
HPRegen 2.03/turn               M - ring "Qora" {rPois rF+ MP+9 Str+2 Dex+5}
MPRegen 0.33/turn               r - ring "Earthly Heaven" {Wiz Str+3 Int+5}

@: silenced, on berserk cooldown, flying, hasted and slowed, glowing, studying 2
skills
A: fangs 1, strong nose, distributed training, deformed body, fire resistance 1,
mutation resistance 1
}: 3/15 runes: serpentine, barnacled, slimy
a: Renounce Religion


You were on level 2 of the Depths.
You worshipped the Shining One.
The Shining One was exalted by your worship.
You visited 11 branches of the dungeon, and saw 49 of its levels.
You visited 1 bazaar.
You also visited: Sewer, Bailey, Ice Cave and Desolation.

You collected 7257 gold pieces.
You spent 5537 gold pieces at shops.

Inventory:

Hand Weapons
 q - the +8 mithril axe "Arga" (weapon) {speed, Will+}
   (You found it on level 6 of the Lair of Beasts)

   Attacks with this weapon are significantly faster.
   Will:      It increases your willpower.
 P - the +3 hand crossbow of Prudence {venom, rC+ Will+}
   (You found it on level 5 of the Lair of Beasts)

   Any ammunition fired from it poisons the flesh of those it strikes.
   rC:        It protects you from cold.
   Will:      It increases your willpower.
 T - a +9 sacred scourge of holy wrath
 X - the +5 hunting sling "Zeunin" {flame, rPois Str+4 SInv}
   (You found it on level 15 of the Dungeon)

   Any ammunition fired from it burns those it strikes, dealing additional fire
   damage.
   Str:       It affects your strength (+4).
   rPois:     It protects you from poison.
   SInv:      It lets you see invisible.
Missiles
 x - 21 curare-tipped darts
 N - 5 javelins
 Z - a silver javelin
Armour
 a - a +1 buckler of reflection
 b - the +1 pair of boots "Jim Jat" (worn) {rElec rF+ Will+ Str+3}
   (You found it on level 4 of the Shoals)

   Str:       It affects your strength (+3).
   rF:        It protects you from fire.
   rElec:     It insulates you from electricity.
   Will:      It increases your willpower.
 g - the +2 pair of gloves "Eseushry" (worn) {Contam Fly Str+4 Int+7}
   (You found it in the Desolation of Salt)

   Str:       It affects your strength (+4).
   Int:       It affects your intelligence (+7).
   Fly:       It grants you flight.
   Contam:    It causes magical contamination when unequipped.
 k - a +3 buckler of protection (worn)
 w - the +4 hat "Naerph" (worn) {Slay+5}
   (You acquired it on level 3 of the Vaults)

   Slay:      It affects your accuracy & damage with ranged weapons and melee
   (+5).
 A - the +5 faerie dragon scales (worn) {Rampage Regen+ rCorr Str+5 Slay-3}
   (You took it off the Enchantress on level 2 of the Depths)

   Str:       It affects your strength (+5).
   Slay:      It affects your accuracy & damage with ranged weapons and melee
   (-3).
   Regen:     It increases your rate of health regeneration.
   rCorr:     It protects you from acid and corrosion.
   Rampage:   It bestows one free step when moving towards enemies.
 I - a +1 cloak (worn)
Magical Staves
 U - a staff of conjuration
Jewellery
 j - the ring "Boedalor" {rPois rC+ rN+ Str+2 Dex+4}
   (You found it in the Desolation of Salt)

   [ring of positive energy]

   Str:       It affects your strength (+2).
   Dex:       It affects your dexterity (+4).
   rC:        It protects you from cold.
   rPois:     It protects you from poison.
   rN:        It protects you from negative energy.
 m - the amulet of Pequm (around neck) {Drain rF++ Regen+ rCorr}
   (You found it in the Desolation of Salt)

   [amulet of regeneration]

   rF:        It greatly protects you from fire.
   Regen:     It increases your rate of health regeneration.
   rCorr:     It protects you from acid and corrosion.
   Drain:     It drains your maximum health when unequipped.
 r - the ring "Earthly Heaven" (right hand) {Wiz Str+3 Int+5}
   (You took it off a deep elf death mage on level 3 of the Elven Halls)

   [ring of wizardry]

   It improves your spell success rate.
   Str:       It affects your strength (+3).
   Int:       It affects your intelligence (+5).
 M - the ring "Qora" (left hand) {rPois rF+ MP+9 Str+2 Dex+5}
   (You acquired it on level 1 of the Shoals)

   [ring of magical power]

   Str:       It affects your strength (+2).
   Dex:       It affects your dexterity (+5).
   rF:        It protects you from fire.
   rPois:     It protects you from poison.
   MP:        It affects your magic capacity (+9).
Wands
 f - a wand of quicksilver (41)
 z - a wand of mindburst (40)
 C - a wand of flame (18)
 G - a wand of iceblast (8)
 Q - a wand of charming (31)
 V - a wand of polymorph (9)
 Y - a wand of digging (24)
Scrolls
 h - 3 scrolls of fog
 l - 7 scrolls of amnesia
 o - 5 scrolls of magic mapping
 t - 2 scrolls of blinking
 K - 2 scrolls of silence
 L - 6 scrolls of fear
 R - 10 scrolls of teleportation
Potions
 c - 14 potions of curing
 i - 8 potions of mutation
 n - 12 potions of brilliance
 p - a potion of haste
 u - 6 potions of magic
 B - a potion of cancellation
 E - 3 potions of ambrosia
 S - 6 potions of might
 W - 4 potions of resistance
Miscellaneous
 s - a phantom mirror (inert)
 y - a phial of floods
 J - a lightning rod (4/4)


   Skills:
 + Level 19.2 Fighting
 + Level 16.8 Short Blades
 + Level 16.6 Long Blades
 + Level 16.6 Axes
 + Level 16.6 Maces & Flails
 + Level 16.6 Polearms
 + Level 16.6 Staves
 + Level 16.6 Slings
 + Level 17.1 Bows
 + Level 16.6 Crossbows
 + Level 16.6 Throwing
 + Level 16.6 Armour
 + Level 17.7 Dodging
 + Level 16.6 Stealth
 + Level 16.6 Shields
 + Level 16.6 Unarmed Combat
 + Level 16.6 Spellcasting
 + Level 14.1 Conjurations
 + Level 14.1 Hexes
 + Level 14.1 Summonings
 + Level 14.1 Necromancy
 + Level 14.1 Translocations
 + Level 14.1 Transmutations
 + Level 14.1 Fire Magic
 + Level 14.1 Ice Magic
 + Level 14.1 Air Magic
 + Level 14.6 Earth Magic
 + Level 14.1 Poison Magic
 + Level 18.0 Invocations
 + Level 16.6 Evocations


You had one spell level left.
You knew the following spells:

 Your Spells              Type           Power      Damage    Failure   Level
a - Blink                 Tloc           100%       N/A       0%          2
b - Summon Lightning Spi  Summ/Air       85%        N/A       1%          4
c - Wereblood             Tmut           85%        N/A       0%          2
d - Frozen Ramparts       Ice            100%       1d12      0%          3
e - Lee's Rapid Deconstr  Erth           43%        3d22*     1%          5
f - Sticky Flame          Conj/Fire      85%        2d10      1%          4
g - Iron Shot             Conj/Erth      43%        9d8       1%          6
h - Ozocubu's Refrigerat  Ice            42%        4d13      2%          7
i - Spellforged Servitor  Conj/Summ      42%        N/A       2%          7
j - Irradiate             Conj/Tmut      42%        3d27      1%          5
k - Silence               Hex/Air        42%        N/A       1%          5
l - Freezing Cloud        Conj/Ice/Air   42%        6-21      1%          5

Your spell library contained the following spells:

 Spells                   Type           Power      Damage    Failure   Level
 Apportation              Tloc           100%       N/A       0%          1
 Freeze                   Ice            100%       1d11      0%          1
 Magic Dart               Conj           100%       1d8       0%          1
 Necrotize                Necr           100%       1d9       0%          1
 Sandblast                Erth           100%       2d20      0%          1
 Shock                    Conj/Air       100%       1d9       0%          1
 Summon Small Mammal      Summ           100%       N/A       0%          1
 Call Imp                 Summ           85%        N/A       0%          2
 Passwall                 Tmut/Erth      71%        N/A       0%          2
 Scorch                   Fire           100%       2d10      0%          2
 Searing Ray              Conj           100%       2d8       0%          2
 Static Discharge         Conj/Air       85%        N/A       0%          2
 Sublimation of Blood     Necr           85%        N/A       0%          2
 Confusing Touch          Hex            85%        N/A       0%          3
 Conjure Flame            Conj/Fire      85%        6-21      0%          3
 Dazzling Flash           Conj/Hex       100%       N/A       0%          3
 Gell's Gravitas          Tloc           85%        N/A       0%          3
 Ignite Poison            Fire/Tmut/Pois 85%        N/A       0%          3
 Lesser Beckoning         Tloc           85%        N/A       0%          3
 Mephitic Cloud           Conj/Pois/Air  85%        N/A       0%          3
 Portal Projectile        Hex/Tloc       100%       N/A       0%          3
 Spider Form              Tmut/Pois      85%        N/A       0%          3
 Summon Guardian Golem    Hex/Summ       85%        N/A       0%          3
 Swiftness                Air            85%        N/A       0%          3
 Teleport Other           Tloc           85%        N/A       0%          3
 Tukima's Dance           Hex            85%        N/A       0%          3
 Airstrike                Air            42%        N/A       1%          4
 Animate Armour           Summ/Erth      100%       N/A       1%          4
 Dispel Undead            Necr           85%        3d27      1%          4
 Flame Wave               Conj/Fire      85%        2d15      1%          4
 Fulminant Prism          Conj/Hex       42%        3d20      1%          4
 Hailstorm                Conj/Ice       85%        3d17      1%          4
 Iskenderun's Mystic Bla  Conj/Tloc      85%        2d17      1%          4
 Olgreb's Toxic Radiance  Pois           85%        N/A       1%          4
 Passage of Golubria      Tloc           85%        N/A       1%          4
 Petrify                  Tmut/Erth      86%        N/A       1%          4
 Agony                    Necr           85%        N/A       1%          5
 Blade Hands              Tmut           42%        N/A       1%          5
 Fireball                 Conj/Fire      42%        3d17      1%          5
 Iskenderun's Battlesphe  Conj           85%        2d13      1%          5
 Lightning Bolt           Conj/Air       42%        1d62      1%          5
 Manifold Assault         Tloc           85%        N/A       1%          5
 Yara's Violent Unravell  Hex/Tmut       42%        3d17      1%          5
 Conjure Ball Lightning   Conj/Air       42%        3x3d15    1%          6
 Dispersal                Tloc           42%        N/A       1%          6
 Simulacrum               Ice/Necr       42%        N/A       1%          6
 Starburst                Conj/Fire      42%        6d12      1%          6
 Statue Form              Tmut/Erth      57%        N/A       1%          6
 Summon Cactus Giant      Summ           42%        N/A       1%          6
 Enfeeble                 Hex            42%        N/A       2%          7
 Orb of Destruction       Conj           42%        9d12      2%          7
 Storm Form               Tmut/Air       42%        N/A       2%          7
 Summon Hydra             Summ           42%        N/A       2%          7
 Disjunction              Tloc           42%        N/A       16%         8
 Ignition                 Fire           42%        3d12      16%         8
 Maxwell's Capacitive Co  Air            42%        ∞         16%         8
 Chain Lightning          Conj/Air       42%        3d56      92%         9
 Fire Storm               Conj/Fire      42%        8d11      92%         9
 Polar Vortex             Ice            42%        N/A       92%         9


Dungeon Overview and Level Annotations

Branches:
Dungeon (15/15)            Temple (1/1) D:7            Lair (6/6) D:8
 Shoals (4/4) Lair:2        Snake (4/4) Lair:2        Slime (5/5) Lair:5
    Orc (2/2) D:11            Elf (3/3) Orc:2        Vaults (4/5) D:13
  Crypt (3/3) Vaults:3       Tomb (0/3) Crypt:3      Depths (2/4) D:15
  Sewer (visited)          Bailey (visited)           IceCv (visited)
Desolation (visited)

Altars:
Ashenzari
Cheibriados
Dithmenos
Elyvilon
Fedhas
Gozag
Hepliaklqana
Kikubaaqudgha
Makhleb
Nemelex Xobeh
Okawaru
Qazlal
Ru
Sif Muna
Trog
Uskayaw
Vehumet
Wu Jian
Xom
Yredelemnul
Zin
The Shining One
Beogh

Shops:
D:3 *   D:6 (   Orc:2 [[*[   Elf:1 [   Snake:3 [   Vaults:1 *

Portals:
Hell: Depths:1 Depths:2
Abyss: Depths:1

Annotations:
Elf:2 3 runed translucent doors
Crypt:2 1 transporter


Innate Abilities, Weirdness & Mutations

You have very sharp teeth.
Your uncanny sense of smell can sniff out nearby items.
Your experience applies equally to all skills.
Armour fits poorly on your strangely shaped body.
Your flesh is heat resistant. (rF+)
You are somewhat resistant to further mutation.


Message History

You slice the juggernaut!! You bite the juggernaut!
The juggernaut is heavily wounded.
The juggernaut hits you!!!
* * * LOW HITPOINT WARNING * * *
The juggernaut hits you.
* * * LOW HITPOINT WARNING * * *
You are too berserk!
You rampage towards the walking earthen tome!
You hit the walking earthen tome.
You bite the walking earthen tome, but do no damage.
The walking earthen tome is moderately damaged.
You slice the juggernaut!!
You feel a strong urge to attack something.
You rampage towards the shadow dragon!
You are no longer berserk.
You are exhausted.
You feel yourself slow down.
Items here: )) [ †.
You feel yourself speed up. You block the shadow dragon's attack.
The shadow dragon claws you but does no damage.
The shadow dragon closely misses you. x2; The shadow dragon barely misses you.
The shadow dragon claws you but does no damage.
The walking earthen tome attacks as you move away!
The walking earthen tome hits you!!
* * * LOW HITPOINT WARNING * * *
The hell knight hits you from afar with the +9 halberd "Iczyutom" {pain, Fragile Will++ Int+6}!
* * * LOW HITPOINT WARNING * * *
You feel much better. You block the shadow dragon's attack.
The shadow dragon closely misses you.
The shadow dragon claws you but does no damage.
The hell knight hits you from afar with the +9 halberd "Iczyutom" {pain, Fragile Will++ Int+6}!!
* * * LOW HITPOINT WARNING * * *
The walking earthen tome erupts in a flurry of living spells!
The shadow dragon attacks as you move away!
The shadow dragon barely misses you. The shadow dragon misses you.
The shadow dragon claws you. The Shining One protects you from harm!
The walking earthen tome attacks as you move away!
The walking earthen tome hits you!!
You die...

......# ######.##..####......
...#..## #..#..?.#...#........
...#...# ##....#####..###......
...#...## #..####...#... #.....#
...###..#.##...C...#.##..###'#..#
'###..#.#'#'#########'#.##...##'#
.#......##p#.#.#.#.##.#...).....#
.#.......##.#.#D#.###.##......###
.#.......###.#)#@###.#.#....###.#
##........#.#p#;#.##.#.##).##....
#.....###.##.#C#.##.#.#.#..#.....
.##...# ..##*#.###.#)#.##.....)#
..###.# ..###.###.#.#.#.#....<.'
....#.# ..#C#.##.#.#.#.##.....#
....### ##.##.#.#.#.#.#.....#
.....# #.##.#.#.#.#.#....##
.....# #..#############)...##.


You could see a juggernaut, a shadow dragon (unsilenced), a walking earthen tome
(unsilenced) and a living spell (summoned, unsilenced).

Vanquished Creatures
  Bai Suzhen (Depths:1)
  Nikola (Shoals:2)
  the Enchantress (Depths:2)
  Jorgrun (Snake:1)
  Rupert (Lair:3)
  A lich (Depths:2)
  4 deep elf blademasters (Elf:3)
  Asterion (Depths:1)
  3 deep elf master archers (Elf:3)
  13 acid blobs
  2 ancient champions (Crypt:2)
  2 sphinxes
  2 storm dragons (Elf:1)
  Kirke (Shoals:4)
  Roxanne (Snake:1)
  2 shadow dragons (Depths:2)
  Donald (Shoals:1)
  A nagaraja (Snake:4)
  Ilsuiw (Shoals:2)
  3 rockslimes
  4 azure jellies
  3 fire giants
  The ghost of kairosrom117 the Arsonist, a journeyman DrFE of Vehumet (Lair:6)
  4 frost giants
  12 vault wardens
  4 iron dragons (Depths:1)
  A curse skull (Crypt:1)
  The ghost of Etewkasm the Grappler, a journeyman TrMo of Jiyva (Lair:5)
  Aizul (Snake:1)
  5 deep elf sorcerers
  13 quicksilver oozes
  6 deep elf elementalists (Elf:3)
  9 ironbound preservers
  2 war gargoyles
  7 ghouls
  3 spriggan defenders (Depths:2)
  6 stone giants
  A reaper (Crypt:2)
  14 very ugly things
  Nessos (D:13)
  7 ironbound thunderhulks
  3 entropy weavers
  4 vampire knights
  5 deep elf demonologists
  5 deep elf annihilators
  Azrael (D:14)
  15 dire elephants
  A white draconian (IceCv)
  2 halazid warlocks (Desolation)
  3 spark wasps (Depths:2)
  An ettin (Depths:2)
  Snorg (D:13)
  6 eidola
  6 merfolk impalers
  6 jiangshi
  5 merfolk javelineers (Shoals:4)
  5 fire dragons
  3 crystal guardians
  4 ragged hierophants (Desolation)
  5 deep elf death magi
  8 yaktaur captains
  5 deep elf high priests
  7 great orbs of eyes
  A rakshasa (Depths:2)
  3 boulder beetles
  5 ice dragons
  10 servants of whispers (Desolation)
  3 vault guards
  2 hydras (Lair:5)
  2 spriggan air magi (Depths:2)
  8 anacondas
  9 centaur warriors
  10 peacekeepers
  13 ironbound frosthearts
  4 two-headed ogres
  A fenstrider witch skeleton (Crypt:2)
  2 death knights
  8 death yaks
  A satyr (Shoals:4)
  10 dancing weapons
  A merfolk aquamancer (Shoals:4)
  3 naga warriors
  3 tengu warriors
  2 spriggan berserkers
  A titan zombie (Crypt:1)
  4 orc high priests
  7 vampire magi
  A soul eater (Crypt:1)
  2 deep troll earth magi (Depths:2)
  4 shock serpents
  6 hell knights
  12 deep elf knights
  4 naga sharpshooters
  An iron troll (Depths:2)
  A golden dragon zombie (Depths:2)
  A salamander mystic (Snake:3)
  13 skeletal warriors
  A shadow wraith (Crypt:2)
  A bog body (Crypt:1)
  6 sea snakes
  2 flayed ghosts
  19 deep trolls
  14 deep elf archers
  A swamp dragon (Lair:6)
  17 lindwurms
  An anaconda skeleton (Crypt:2)
  An orange crystal statue (IceCv)
  10 ironbound convokers
  9 wizards
  Pikel (D:8)
  A frost giant zombie (Depths:2)
  7 phantasmal warriors
  2 nameless horrors
  27 harpies
  31 deep elf pyromancers
  5 orc knights
  4 necromancers
  23 deep elf zephyrmancers
  11 mana vipers
  35 ugly things
  4 orc sorcerers
  9 salamanders
  A salamander (shapeshifter) (Elf:3)
  3 shining eyes
  14 fauns
  3 cyclopes
  32 black mambas
  12 manticores
  4 water nymphs
  6 merfolk sirens
  7 vault sentinels
  5 naga magi
  2 eyes of devastation
  5 elephants (Lair:4)
  A water nymph (shapeshifter) (Elf:3)
  4 gargoyles
  An ice statue (Lair:5)
  A frost giant skeleton (Depths:2)
  6 guardian serpents
  10 cane toads
  A red draconian zombie (Crypt:1)
  4 rust devils (Depths:1)
  An unseen horror (D:12)
  18 rime drakes
  13 yaktaurs
  A dire elephant skeleton (Crypt:2)
  3 unseen horror zombies (D:9)
  5 komodo dragons
  An efreet (D:15)
  A sea snake zombie (Crypt:2)
  4 freezing wraiths
  An alligator snapping turtle skeleton (Crypt:2)
  2 tengu conjurers (D:15)
  19 merfolk
  13 polar bears
  A purple draconian skeleton (Crypt:2)
  3 wind drakes
  6 trolls
  27 saltlings
  A hydra skeleton (Crypt:2)
  101 slime creatures
  10 blink frogs
  5 dream sheep (Lair:6)
  10 snapping turtles
  12 flying skulls
  A culicivora (Vaults:1)
  14 water elementals
  5 air elementals
  4 wraiths
  3 spriggans (Depths:2)
  2 wyverns
  A centaur simulacrum (Crypt:2)
  15 humans (D:13)
  18 yaks
  5 hogs (Shoals:4)
  3 basilisks
  8 fire elementals
  2 redbacks (Vaults:1)
  A basilisk (shapeshifter) (D:13)
  5 steam dragons
  2 vampire mosquitoes (D:11)
  A harpy simulacrum (D:15)
  11 nagas
  5 hell hounds (D:14)
  3 wargs
  30 water moccasins
  An acid dragon (D:13)
  A naga skeleton (Crypt:2)
  A floating eye (shapeshifter) (Elf:3)
  A floating eye (Depths:2)
  A hornet zombie (D:9)
  8 ice beasts (Lair:5)
  2 sky beasts (D:7)
  16 orc warriors
  3 black bears
  A black bear (shapeshifter) (D:13)
  A spriggan simulacrum (Depths:2)
  32 wolves
  3 ogres
  A boggart (D:15)
  A centaur (D:5)
  A shining eye zombie (Crypt:1)
  8 kobold brigands
  A fire crab zombie (Crypt:2)
  9 earth elementals
  11 bullfrogs
  2 scorpions (D:5)
  A gnoll sergeant (D:6)
  2 necrophages
  A warg zombie (Crypt:1)
  18 wights
  17 killer bees
  A howler monkey (D:8)
  2 electric eels
  3 centaur zombies (D:9)
  5 jellies (Lair:5)
  5 hounds
  15 orc priests
  4 iguanas
  15 orc wizards
  4 hell rats (Lair:5)
  A killer bee zombie (D:9)
  7 howler monkey zombies (D:9)
  9 gnolls
  10 adders
  A white imp (Lair:5)
  An ufetubus (D:5)
  2 worms
  5 dart slugs
  72 orcs
  9 ball pythons
  7 bats
  6 endoplasms
  9 giant cockroaches
  12 goblins
  12 hobgoblins
  4 quokkas
  4 frilled lizards
  A frilled lizard skeleton (Crypt:1)
  A jackal skeleton (Crypt:1)
  42 kobolds
  A quokka zombie (Crypt:1)
  8 rats
  A spectral hobgoblin (D:1)
  A bush (D:5)
1592 creatures vanquished.

Vanquished Creatures (collateral kills)
  the Royal Jelly (Slime:5)
  A shard shrike (IceCv)
  Saint Roka (Depths:1)
  2 liches
  10 acid blobs
  An ancient champion (Crypt:1)
  2 nagarajas (Snake:4)
  4 azure jellies
  2 rockslimes
  2 vault wardens
  A frost giant (Depths:2)
  A ghoul (Crypt:1)
  7 quicksilver oozes
  The ghost of Phlounder the Thaumaturge, a journeyman DjCj of Makhleb (Lair:6)
  The ghost of Gicorar the Earth Mage, a journeyman GrEE of Vehumet (Lair:6)
  A deep elf demonologist (Elf:1)
  An ironbound thunderhulk (Vaults:4)
  4 very ugly things
  2 vampire knights (Crypt:1)
  A dire elephant (Vaults:1)
  The ghost of Kazon the Prestidigitator, a journeyman VSBe of Trog (Lair:6)
  3 merfolk javelineers (Shoals:4)
  3 fire dragons
  5 ettins
  A jiangshi (Depths:1)
  A merfolk impaler (Shoals:3)
  A ragged hierophant (Desolation)
  2 great orbs of eyes
  2 deep elf high priests
  2 vault guards (Vaults:3)
  2 boulder beetles
  A rakshasa (Depths:1)
  3 hydras
  5 anacondas
  3 peacekeepers (Desolation)
  4 merfolk avatars
  A two-headed ogre (D:11)
  2 satyrs (Shoals:4)
  2 ironbound frosthearts (Vaults:3)
  A bennu zombie (Crypt:1)
  5 naga warriors (Snake:4)
  2 merfolk aquamancers
  A vampire mage (Depths:1)
  3 death yaks (Lair:6)
  2 shock serpents (Snake:4)
  An orc high priest (Orc:2)
  7 hell knights
  Sonja (D:13)
  A shadow wraith (Crypt:2)
  2 salamander mystics (Snake:4)
  8 deep trolls
  3 sea snakes
  An orb spider (shapeshifter) (D:15)
  A bog body (Crypt:1)
  7 harpies
  3 naga ritualists
  A necromancer (D:13)
  3 phantasmal warriors (Crypt:1)
  6 deep elf archers
  4 ironbound convokers
  3 deep elf pyromancers
  2 wizards
  2 orc knights (Orc:2)
  3 deep elf zephyrmancers
  3 lindwurms
  7 fauns (Shoals:4)
  2 orc sorcerers (Orc:2)
  2 mana vipers
  2 manticores
  7 salamanders (Snake:4)
  37 slime creatures
  5 ugly things
  2 shining eyes (Slime:5)
  7 merfolk sirens
  An eye of devastation (Slime:5)
  Joseph (D:7)
  7 black mambas
  A torpor snail (Lair:6)
  5 naga magi
  7 vault sentinels
  4 guardian serpents
  A water nymph (Shoals:3)
  A cane toad (Lair:6)
  11 yaktaurs
  3 rime drakes (IceCv)
  2 komodo dragons (Lair:2)
  6 merfolk
  5 polar bears (IceCv)
  A hornet (D:8)
  4 wind drakes
  21 saltlings (Desolation)
  7 dream sheep (Lair:6)
  6 yaks
  A wraith (Crypt:2)
  4 humans (D:13)
  4 water elementals
  A warg (Depths:1)
  A water moccasin (Lair:3)
  An acid dragon (D:13)
  16 nagas
  A swamp drake (Lair:6)
  A hell hound (D:14)
  A black bear (shapeshifter) (D:13)
  A deep troll skeleton (Crypt:1)
  11 orc warriors
  2 ogres (Orc:2)
  2 kobold brigands (Bailey)
  A gnoll sergeant (D:11)
  4 necrophages (Crypt:1)
  A spriggan skeleton (Crypt:2)
  An orc priest (Depths:1)
  An iguana (Lair:6)
  4 orc wizards
  3 gnolls (D:11)
  18 orcs
  A dart slug zombie (Crypt:2)
  A giant cockroach zombie (Crypt:2)
413 creatures vanquished.

Vanquished Creatures (others)
  A wizard (Vaults:4)
  A deep elf zephyrmancer (Elf:2)
  49 fungi
  366 plants
  5 tentacles (Shoals:3)
  11 withered plants
433 creatures vanquished.

Grand Total: 2438 creatures vanquished

Notes
Turn   | Place    | Note
-------+----------+-------------------------------------------
     0 | D:1      | Reached skill level 10 in Fighting
     0 | D:1      | chronatog the Gnoll Wanderer began the quest for the Orb.
     0 | D:1      | chronatog set off with the following items: a +1 shortbow,
                  | 2 throwing nets, a +0 leather armour, a potion of might.
     0 | D:1      | Reached XP level 1. HP: 29/29 MP: 1/1
   155 | D:1      | Found a faded altar of an unknown god.
   160 | D:1      | Reached XP level 2. HP: 36/36 MP: 2/2
   467 | D:1      | Reached XP level 3. HP: 42/42 MP: 3/3
   823 | D:1      | Reached skill level 1 in Invocations
   990 | D:2      | Learned a level 2 spell: Blink
  1148 | D:2      | Reached skill level 1 in Short Blades
  1148 | D:2      | Reached skill level 1 in Long Blades
  1148 | D:2      | Reached skill level 1 in Axes
  1148 | D:2      | Reached skill level 1 in Maces & Flails
  1148 | D:2      | Reached skill level 1 in Polearms
  1148 | D:2      | Reached skill level 1 in Staves
  1148 | D:2      | Reached skill level 1 in Slings
  1148 | D:2      | Reached skill level 1 in Crossbows
  1148 | D:2      | Reached skill level 1 in Throwing
  1148 | D:2      | Reached skill level 1 in Armour
  1148 | D:2      | Reached skill level 1 in Stealth
  1148 | D:2      | Reached skill level 1 in Shields
  1148 | D:2      | Reached skill level 1 in Unarmed Combat
  1148 | D:2      | Reached skill level 1 in Spellcasting
  1148 | D:2      | Reached skill level 1 in Evocations
  1252 | D:2      | Reached XP level 4. HP: 48/48 MP: 5/5
  1757 | D:3      | Reached skill level 1 in Conjurations
  1757 | D:3      | Reached skill level 1 in Hexes
  1757 | D:3      | Reached skill level 1 in Summonings
  1757 | D:3      | Reached skill level 1 in Necromancy
  1757 | D:3      | Reached skill level 1 in Translocations
  1757 | D:3      | Reached skill level 1 in Transmutations
  1757 | D:3      | Reached skill level 1 in Fire Magic
  1757 | D:3      | Reached skill level 1 in Ice Magic
  1757 | D:3      | Reached skill level 1 in Air Magic
  1757 | D:3      | Reached skill level 1 in Earth Magic
  1757 | D:3      | Reached skill level 1 in Poison Magic
  1974 | D:3      | Found Luafumn's Assorted Antiques.
  2120 | D:4      | Reached XP level 5. HP: 42/54 MP: 5/7
  2319 | D:4      | Learned a level 4 spell: Summon Lightning Spire
  2767 | D:5      | Entered Level 5 of the Dungeon
  2794 | D:5      | Reached XP level 6. HP: 52/61 MP: 8/8
  2915 | D:5      | Reached skill level 5 in Bows
  3230 | D:5      | Found a glowing drain.
  3254 | Sewer    | Entered a sewer
  3334 | Sewer    | Reached XP level 7. HP: 12/67 MP: 10/10
  4788 | D:6      | Found Siorisom's Weapon Boutique.
  5049 | D:6      | Reached XP level 8. HP: 58/74 MP: 12/12
  6060 | D:6      | Learned a level 2 spell: Wereblood
  6122 | D:7      | Noticed Joseph
  6148 | D:7      | Found a staircase to the Ecumenical Temple.
  6230 | Temple   | Entered the Ecumenical Temple
  6434 | Temple   | Became a worshipper of Ashenzari the Shackled
  6837 | D:7      | Reached skill level 11 in Fighting
  7739 | D:7      | Reached XP level 9. HP: 57/81 MP: 14/14
  8279 | D:8      | Noticed Pikel
  8297 | D:8      | Killed Pikel
  8736 | D:8      | Found a staircase to the Lair.
  8791 | D:8      | Noticed a hornet
  9121 | D:8      | Killed a hornet
  9122 | D:8      | Reached skill level 5 in Invocations
  9749 | D:8      | Reached * piety under Ashenzari
  9894 | D:8      | Found a glowing silver altar of Zin.
  9900 | D:8      | Found a basalt altar of Yredelemnul.
  9900 | D:8      | Noticed a two-headed ogre
  9905 | D:8      | Killed a two-headed ogre
  9906 | D:8      | Reached skill level 5 in Short Blades
  9906 | D:8      | Reached skill level 5 in Long Blades
  9906 | D:8      | Reached skill level 5 in Axes
  9906 | D:8      | Reached skill level 5 in Maces & Flails
  9906 | D:8      | Reached skill level 5 in Polearms
  9906 | D:8      | Reached skill level 5 in Staves
  9906 | D:8      | Reached skill level 5 in Slings
  9906 | D:8      | Reached skill level 5 in Crossbows
  9906 | D:8      | Reached skill level 5 in Throwing
  9906 | D:8      | Reached skill level 5 in Armour
  9906 | D:8      | Reached skill level 5 in Stealth
  9906 | D:8      | Reached skill level 5 in Shields
  9906 | D:8      | Reached skill level 5 in Unarmed Combat
  9906 | D:8      | Reached skill level 5 in Spellcasting
  9906 | D:8      | Reached skill level 5 in Evocations
  9906 | D:8      | Reached XP level 10. HP: 83/88 MP: 17/17
 10670 | D:9      | Noticed a gargoyle
 10706 | D:8      | Killed a gargoyle
 12835 | D:9      | Reached XP level 11. HP: 69/95 MP: 19/19
 13317 | D:9      | Reached skill level 12 in Fighting
 13745 | D:10     | Entered Level 10 of the Dungeon
 13843 | D:10     | Learned a level 3 spell: Frozen Ramparts
 13883 | D:10     | Found a flagged portal.
 13899 | Bailey   | Entered a bailey
 13918 | Bailey   | Reached skill level 5 in Conjurations
 13918 | Bailey   | Reached skill level 5 in Hexes
 13918 | Bailey   | Reached skill level 5 in Summonings
 13918 | Bailey   | Reached skill level 5 in Necromancy
 13918 | Bailey   | Reached skill level 5 in Translocations
 13918 | Bailey   | Reached skill level 5 in Transmutations
 13918 | Bailey   | Reached skill level 5 in Fire Magic
 13918 | Bailey   | Reached skill level 5 in Ice Magic
 13918 | Bailey   | Reached skill level 5 in Air Magic
 13918 | Bailey   | Reached skill level 5 in Earth Magic
 13918 | Bailey   | Reached skill level 5 in Poison Magic
 14039 | Bailey   | Noticed an orc knight
 14053 | Bailey   | Killed an orc knight
 14177 | Bailey   | Found a burning altar of Makhleb.
 14541 | D:10     | Noticed a manticore
 15437 | D:10     | Reached ** piety under Ashenzari
 15541 | D:10     | Killed a manticore
 15867 | Lair:1   | Entered Level 1 of the Lair of Beasts
 17535 | Lair:2   | Reached XP level 12. HP: 98/103 MP: 19/22
 17554 | Lair:2   | Found a staircase to the Snake Pit.
 18793 | Lair:2   | Reached skill level 10 in Dodging
 18939 | Lair:2   | Found a staircase to the Shoals.
 19220 | Lair:3   | Identified the +7 war axe "Niugot" {venom, *Corrode rN+
                  | Str+4}
 19628 | Lair:3   | Noticed Rupert
 19642 | Lair:3   | Killed Rupert
 19995 | Lair:4   | Reached XP level 13. HP: 109/109 MP: 24/24
 20102 | Lair:4   | Reached skill level 13 in Fighting
 20301 | Lair:4   | Learned a level 4 spell: Hailstorm
 20306 | Lair:4   | Learned a level 4 spell: Sticky Flame
 21828 | Lair:5   | Noticed an ice dragon
 21851 | Lair:5   | Killed an ice dragon
 22211 | Lair:5   | Found a staircase to the Slime Pits.
 22313 | Lair:5   | Found a runed translucent gate.
 22313 | Lair:5   | Found a runed translucent gate.
 22313 | Lair:5   | Found a runed translucent gate.
 22313 | Lair:5   | Noticed Etewkasm's ghost (journeyman TrMo)
 22315 | Lair:5   | Identified the +3 hand crossbow of Prudence {venom, rC+
                  | Will+}
 22426 | Lair:5   | Learned a level 6 spell: Iron Shot
 22552 | Lair:6   | Entered Level 6 of the Lair of Beasts
 23253 | Lair:6   | Reached skill level 10 in Bows
 23253 | Lair:6   | Reached XP level 14. HP: 118/118 MP: 26/26
 23549 | Lair:6   | Found a runed translucent gate.
 23549 | Lair:6   | Found a runed translucent gate.
 23549 | Lair:6   | Found a runed translucent gate.
 24106 | Lair:6   | Reached skill level 10 in Invocations
 25399 | D:3      | Bought a scroll of enchant weapon for 195 gold pieces
 25399 | D:3      | Bought a potion of curing for 78 gold pieces
 25399 | D:3      | Bought a scroll of teleportation for 78 gold pieces
 25399 | D:3      | Bought a potion of heal wounds for 130 gold pieces
 26261 | D:11     | Found a staircase to the Orcish Mines.
 26557 | D:11     | Reached *** piety under Ashenzari
 26786 | Orc:1    | Entered Level 1 of the Orcish Mines
 27249 | Orc:1    | Reached **** piety under Ashenzari
 28739 | D:12     | Identified the +5 war axe "Ubunus" {vorpal, rF+}
 28883 | D:12     | Learned a level 7 spell: Ozocubu's Refrigeration
 29162 | D:7      | Killed Joseph
 29949 | D:13     | Reached skill level 14 in Fighting
 30260 | D:13     | Identified the ring of the Louse {Fly MP+9}
 30322 | D:13     | Noticed Nessos
 30330 | D:13     | Killed Nessos
 30331 | D:13     | Reached XP level 15. HP: 100/126 MP: 21/28
 30528 | D:13     | Noticed Sonja
 30533 | D:13     | Killed Sonja
 30684 | D:13     | Noticed Snorg
 30701 | D:13     | Killed Snorg
 31591 | D:13     | Found a gate to the Vaults.
 31595 | D:13     | Reached skill level 10 in Short Blades
 31595 | D:13     | Reached skill level 10 in Long Blades
 31595 | D:13     | Reached skill level 10 in Axes
 31595 | D:13     | Reached skill level 10 in Maces & Flails
 31595 | D:13     | Reached skill level 10 in Polearms
 31595 | D:13     | Reached skill level 10 in Staves
 31595 | D:13     | Reached skill level 10 in Slings
 31595 | D:13     | Reached skill level 10 in Crossbows
 31595 | D:13     | Reached skill level 10 in Throwing
 31595 | D:13     | Reached skill level 10 in Armour
 31595 | D:13     | Reached skill level 10 in Stealth
 31595 | D:13     | Reached skill level 10 in Shields
 31595 | D:13     | Reached skill level 10 in Unarmed Combat
 31595 | D:13     | Reached skill level 10 in Spellcasting
 31595 | D:13     | Reached skill level 10 in Evocations
 32731 | D:14     | Found a frozen archway.
 32740 | D:14     | Noticed Azrael
 32749 | D:14     | Killed Azrael
 32765 | IceCv    | Entered an ice cave
 34843 | IceCv    | Noticed a shard shrike
 35407 | IceCv    | Killed a shard shrike
 36466 | D:15     | Entered Level 15 of the Dungeon
 36622 | D:15     | Identified the +5 hunting sling "Zeunin" {flame, rPois
                  | Str+4 SInv}
 36797 | D:15     | Reached XP level 16. HP: 127/139 MP: 25/32
 37007 | D:15     | Found a staircase to the Depths.
 37481 | D:15     | Learned a level 7 spell: Spellforged Servitor
 39086 | Lair:6   | Noticed Phlounder's ghost (journeyman DjCj)
 39086 | Lair:6   | Noticed Gicorar's ghost (journeyman GrEE)
 39086 | Lair:6   | Noticed Kazon's ghost (journeyman VSBe)
 39087 | Lair:6   | Noticed kairosrom117's ghost (journeyman DrFE)
 39089 | Lair:6   | Found the +8 mithril axe "Arga" {speed, Will+}
 39476 | Lair:5   | Killed Etewkasm's ghost
 39840 | Orc:2    | Entered Level 2 of the Orcish Mines
 40157 | Orc:2    | Found a staircase to the Elven Halls.
 40584 | Orc:2    | Reached ***** piety under Ashenzari
 41143 | Orc:2    | Found Vaunapt's Armour Shoppe.
 41143 | Orc:2    | Found Apu Kut's Armour Shoppe.
 41146 | Orc:2    | Found Neanops's Armour Shop.
 41148 | Orc:2    | Found Roideor's Assorted Antiques.
 41219 | Orc:2    | Gained mutation: Armour fits poorly on your strangely
                  | shaped body. [potion of mutation]
 41219 | Orc:2    | Gained mutation: Your flesh is heat resistant. (rF+)
                  | [potion of mutation]
 41219 | Orc:2    | Gained mutation: You are somewhat resistant to further
                  | mutation. [potion of mutation]
 41223 | Orc:2    | Bought a scroll of teleportation for 78 gold pieces
 41223 | Orc:2    | Bought a scroll of amnesia for 91 gold pieces
 41280 | Orc:2    | Upgraded the game from 0.29-a0-617-g7a6b98fccd to
                  | 0.29-a0-620-g13ace881f2
 41491 | Snake:1  | Entered Level 1 of the Snake Pit
 41549 | Snake:1  | Noticed Jorgrun
 41614 | Snake:1  | Killed Jorgrun
 42429 | Snake:1  | Identified Roxanne's Collected Works on the Mountains
 42429 | Snake:1  | Noticed Roxanne
 43340 | Snake:1  | Noticed Aizul
 43363 | Snake:1  | Killed Aizul
 44295 | Snake:2  | Reached skill level 15 in Fighting
 46023 | Snake:3  | Reached XP level 17. HP: 139/147 MP: 17/34
 46455 | Snake:3  | Found Xuaxygowy's Antique Armour Shoppe.
 46548 | Snake:3  | Bought a pair of spiked gloves for 342 gold pieces
 46548 | Snake:3  | Identified the +0 pair of gloves "Mighus" {Harm Regen+ MP+9
                  | Str+4} (You bought it in a shop on level 3 of the Snake
                  | Pit)
 46549 | Snake:3  | Bought a pair of embroidered gloves for 270 gold pieces
 47436 | Snake:4  | Entered Level 4 of the Snake Pit
 50362 | Snake:4  | Reached skill level 10 in Conjurations
 50362 | Snake:4  | Reached skill level 10 in Hexes
 50362 | Snake:4  | Reached skill level 10 in Summonings
 50362 | Snake:4  | Reached skill level 10 in Necromancy
 50362 | Snake:4  | Reached skill level 10 in Translocations
 50362 | Snake:4  | Reached skill level 10 in Transmutations
 50362 | Snake:4  | Reached skill level 10 in Fire Magic
 50362 | Snake:4  | Reached skill level 10 in Ice Magic
 50362 | Snake:4  | Reached skill level 10 in Air Magic
 50362 | Snake:4  | Reached skill level 10 in Earth Magic
 50362 | Snake:4  | Reached skill level 10 in Poison Magic
 52259 | Snake:4  | Got a serpentine rune of Zot
 52661 | D:10     | Upgraded the game from 0.29-a0-620-g13ace881f2 to
                  | 0.29-a0-643-ga013cefcf8
 52667 | D:10     | Learned a level 5 spell: Lee's Rapid Deconstruction
 52824 | Orc:2    | Bought a +1 pair of boots for 172 gold pieces
 53057 | Shoals:1 | Entered Level 1 of the Shoals
 53184 | Lair:6   | Killed kairosrom117's ghost
 53185 | Lair:6   | Killed Kazon's ghost
 53193 | Lair:6   | Killed Gicorar's ghost
 53197 | Lair:6   | Killed Phlounder's ghost
 53923 | Shoals:1 | Reached XP level 18. HP: 155/155 MP: 29/36
 54755 | Shoals:1 | Noticed Donald
 54763 | Shoals:1 | Killed Donald
 55344 | Shoals:1 | Identified a scroll of acquirement
 55462 | Shoals:1 | Acquired the ring "Qora" {rPois rF+ MP+9 Str+2 Dex+5}
 55820 | Orc:2    | Bought a +1 buckler of protection for 198 gold pieces
 56733 | Shoals:2 | Noticed Ilsuiw
 57458 | Shoals:2 | Killed Ilsuiw
 57638 | Shoals:2 | Noticed Nikola
 57652 | Shoals:2 | Killed Nikola
 59650 | Shoals:4 | Entered Level 4 of the Shoals
 60221 | Shoals:4 | Reached skill level 16 in Fighting
 61838 | Shoals:4 | Reached XP level 19. HP: 157/163 MP: 37/37
 61891 | Shoals:4 | Got a barnacled rune of Zot
 61994 | Shoals:4 | Noticed Kirke
 62251 | Shoals:4 | Identified the +1 pair of boots "Jim Jat" {rElec rF+ Will+
                  | Str+3}
 62350 | Shoals:4 | Killed Kirke
 63732 | Snake:3  | Bought a glowing buckler for 270 gold pieces
 64004 | Vaults:1 | Entered Level 1 of the Vaults
 64625 | Vaults:1 | Found Isomm's Assorted Antiques.
 64634 | Vaults:1 | Bought a pair of runed gloves for 277 gold pieces
 66143 | Vaults:1 | Identified the +0 pair of boots of Bablodd {rPois Str+3
                  | Dex-5}
 67314 | Vaults:2 | Found a crumbling gateway.
 67334 | Desolati | Entered the Desolation of Salt
 67685 | Desolati | Identified Atenye Teimn's Compendium of the Traveller and
                  | Contamination
 67800 | Desolati | Reached XP level 20. HP: 154/172 MP: 39/39
 68149 | Desolati | Identified the ring "Boedalor" {rPois rC+ rN+ Str+2 Dex+4}
 68159 | Desolati | Found the +8 whip "Snakebite" {venom, curare, rPois}
 68788 | Desolati | Found the +3 robe of Clouds {*Thunder rCloud rElec}
 69455 | Desolati | Identified the +2 pair of gloves "Eseushry" {Contam Fly
                  | Str+4 Int+7}
 69654 | Desolati | Reached skill level 15 in Dodging
 69656 | Desolati | Identified the amulet of Pequm {Drain rF++ Regen+ rCorr}
 70146 | Desolati | Identified the amulet of Adily {RegenMP -Tele Rampage rN+
                  | Slay+2}
 70212 | Desolati | Identified the +7 longbow of the Bursting Dragonfly
                  | {freeze, Will+}
 70220 | Desolati | Identified the +9 battleaxe of the Brain {elec, *Noise
                  | Str+4 SInv Stlth+}
 70242 | Desolati | Identified Uxeji's Tome of Creative Flight
 70722 | Desolati | Identified the Compendium of Enchanting Weightlessness
 70729 | Desolati | Identified the Collected Works on Battle Magic
 72539 | Vaults:2 | Reached skill level 15 in Invocations
 72882 | Vaults:2 | Learned a level 5 spell: Irradiate
 72922 | Vaults:2 | Identified the +2 pair of boots of the Eight Boll Weevils
                  | {Str+5 Int+4}
 73211 | Vaults:2 | Identified the +3 leather armour of Grot {rF+ Str+2}
 73385 | Vaults:2 | Reached skill level 17 in Fighting
 74514 | Vaults:3 | Acquired the +4 hat "Naerph" {Slay+5}
 75101 | Vaults:3 | Found a staircase to the Crypt.
 75101 | Vaults:3 | Found a basalt altar of Yredelemnul.
 75102 | Vaults:3 | Found an ancient bone altar of Kikubaaqudgha.
 75811 | Vaults:3 | Reached XP level 21. HP: 174/177 MP: 30/40
 76888 | Vaults:4 | Reached skill level 15 in Bows
 79790 | Elf:1    | Entered Level 1 of the Elven Halls
 79790 | Elf:1    | Identified the +1 pair of gloves "Luic" {+Blink Str+2}
 79790 | Elf:1    | Found a runed translucent gate.
 79790 | Elf:1    | Found a runed translucent gate.
 79790 | Elf:1    | Found a runed translucent gate.
 79790 | Elf:1    | Found a runed translucent gate.
 79790 | Elf:1    | Found a runed translucent gate.
 79790 | Elf:1    | Found a runed translucent gate.
 79791 | Elf:1    | Found a runed translucent door.
 80050 | Depths:1 | Entered Level 1 of the Depths
 80511 | Slime:1  | Entered Level 1 of the Pits of Slime
 80765 | Temple   | Fell from the grace of Ashenzari
 80765 | Temple   | Became a worshipper of the Shining One
 80826 | D:7      | Learned a level 3 spell: Mephitic Cloud
 81013 | Orc:2    | Bought the +1 robe of Paranoia {Regen+ rCorr Dex+4 Slay-3}
                  | for 211 gold pieces
 81035 | Orc:2    | Bought a +1 cloak for 138 gold pieces
 82850 | Depths:1 | Noticed Bai Suzhen
 82862 | Depths:1 | Killed Bai Suzhen
 83011 | Depths:1 | Noticed Asterion
 83022 | Depths:1 | Killed Asterion
 83033 | Depths:1 | Reached * piety under the Shining One
 83110 | Depths:1 | Reached XP level 22. HP: 176/183 MP: 40/40
 83255 | Depths:1 | Found a gateway to Hell.
 83266 | Depths:1 | Noticed Saint Roka
 83806 | Elf:1    | Paralysed by an air elemental for 1 turns
 83850 | Elf:1    | Identified the +1 robe "Juijukh" {Str+2}
 83914 | Elf:1    | Found Rouphaw's Antique Armour Shoppe.
 84465 | Elf:1    | Reached ** piety under the Shining One
 84700 | Elf:1    | Found a runed translucent gate.
 84700 | Elf:1    | Found a runed translucent gate.
 84700 | Elf:1    | Found a runed translucent gate.
 84700 | Elf:1    | Found a runed translucent gate.
 84700 | Elf:1    | Found a runed translucent gate.
 84702 | Elf:1    | Found a runed translucent gate.
 84960 | Elf:1    | Reached skill level 15 in Short Blades
 84960 | Elf:1    | Reached skill level 15 in Long Blades
 84960 | Elf:1    | Reached skill level 15 in Axes
 84960 | Elf:1    | Reached skill level 15 in Maces & Flails
 84960 | Elf:1    | Reached skill level 15 in Polearms
 84960 | Elf:1    | Reached skill level 15 in Staves
 84960 | Elf:1    | Reached skill level 15 in Slings
 84960 | Elf:1    | Reached skill level 15 in Crossbows
 84960 | Elf:1    | Reached skill level 15 in Throwing
 84960 | Elf:1    | Reached skill level 15 in Armour
 84960 | Elf:1    | Reached skill level 15 in Stealth
 84960 | Elf:1    | Reached skill level 15 in Shields
 84960 | Elf:1    | Reached skill level 15 in Unarmed Combat
 84960 | Elf:1    | Reached skill level 15 in Spellcasting
 84960 | Elf:1    | Reached skill level 15 in Evocations
 85294 | Elf:1    | Found a runed translucent door.
 85935 | Shoals:4 | Upgraded the game from 0.29-a0-643-ga013cefcf8 to
                  | 0.29-a0-648-g6b26cc9f40
 87526 | Elf:2    | Found a runed translucent gate.
 87527 | Elf:2    | Found a runed translucent gate.
 87527 | Elf:2    | Found a runed translucent gate.
 87578 | Elf:2    | Reached skill level 18 in Fighting
 87870 | Elf:2    | Identified the +0 chain mail of Vapovyt {rF+++ Str+3 Int-3}
 88008 | Elf:2    | Found a runed translucent door.
 88581 | Crypt:1  | Entered Level 1 of the Crypt
 88753 | Crypt:1  | Reached *** piety under the Shining One
 88870 | Crypt:1  | Reached **** piety under the Shining One
 89160 | Crypt:1  | Reached ***** piety under the Shining One
 90081 | Crypt:2  | Found a transporter.
 90085 | Crypt:2  | Reached ****** piety under the Shining One
 90133 | Crypt:2  | Reached XP level 23. HP: 182/190 MP: 42/42
 90434 | Crypt:2  | Found a transporter.
 90838 | Crypt:2  | Learned a level 5 spell: Fireball
 90935 | Crypt:2  | Identified the +1 ring mail "Resuf" {rPois}
 90966 | Crypt:2  | Identified the +8 dagger of Ruination {vorpal, Fragile
                  | +Blink rPois Dex+5}
 91012 | Crypt:2  | Acquired a book of Iron
 91520 | Crypt:3  | Entered Level 3 of the Crypt
 92127 | Snake:1  | Killed Roxanne
 92933 | Crypt:2  | Noticed an ancient lich
 92933 | Crypt:2  | Noticed a dread lich
 92936 | Crypt:2  | Noticed an ancient lich
 95430 | Slime:1  | Was forgiven by Ashenzari
 96782 | Elf:3    | Entered Level 3 of the Elven Halls
 96864 | Elf:3    | Found a flickering gateway to a bazaar.
 96870 | Bazaar   | Entered a bazaar
 96872 | Bazaar   | Found Vowkukk's Armour Shoppe.
 96880 | Bazaar   | Found Qaorchu's Book Shop.
 96913 | Bazaar   | Found Zopnuax's General Store.
 96921 | Bazaar   | Found Omemiatt's Jewellery Boutique.
 97007 | Bazaar   | Bought a scroll of teleportation for 45 gold pieces
 97033 | Bazaar   | Bought a book of Air for 264 gold pieces
 97033 | Bazaar   | Bought a book of Ice for 552 gold pieces
 97033 | Bazaar   | Bought a book of the Senses for 384 gold pieces
 98160 | Elf:3    | Identified the +11 short sword of Yjois {antimagic, Fragile
                  | rCorr Dex+8}
 98160 | Elf:3    | Identified the ring "Hakhu" {Will+ Dex+3}
 98308 | Elf:3    | Identified the +7 mace of the Well-Known Quests {vorpal,
                  | *Corrode rF+ Str+3 Dex+2}
 98609 | Elf:3    | Identified the +8 mace of Vilutan {elec, rPois Will+ Dex+3}
 99428 | Elf:3    | Identified the ring "Earthly Heaven" {Wiz Str+3 Int+5}
 99865 | Elf:3    | Identified the +4 spear "Loch" {vorpal, rElec Dex+9 SInv}
 99897 | Elf:3    | Learned a level 5 spell: Freezing Cloud
100333 | Slime:5  | Entered Level 5 of the Pits of Slime
100378 | Slime:5  | Reached XP level 24. HP: 199/199 MP: 38/43
101618 | Slime:5  | Noticed the Royal Jelly
101677 | Slime:5  | Killed the Royal Jelly
102263 | Slime:5  | Found the +6 arbalest "Damnation" {damnation}
102298 | Slime:5  | Got a slimy rune of Zot
102299 | Slime:5  | Identified the amulet "Vagioso" {Spirit Int+2}
102337 | Slime:5  | Identified the ring "Ilus" {Ice rN+++}
103110 | Depths:1 | Killed Saint Roka
103171 | Depths:1 | Found a one-way gate to the infinite horrors of the Abyss.
103705 | Depths:1 | Identified the +1 chain mail "Muhiwem" {rC+ Will+}
103749 | Depths:1 | Reached skill level 19 in Fighting
104732 | Orc:2    | Bought a scorched plate armour for 728 gold pieces
104732 | Orc:2    | Identified the +0 plate armour "Caamiop" {rElec rF+} (You
                  | bought it in a shop on level 2 of the Orcish Mines)
104957 | Vaults:1 | Bought a steaming plate armour for 1036 gold pieces
104957 | Vaults:1 | Identified the +4 plate armour of the Weaver {Str+3} (You
                  | bought it in a shop on level 1 of the Vaults)
105509 | Depths:2 | Noticed the Enchantress
105513 | Depths:2 | Killed the Enchantress
107416 | Slime:5  | Identified a +9 sacred scourge of holy wrath (a +8 demon
                  | whip of flaming blessed by the Shining One)
107416 | Slime:5  | Received a gift from the Shining One
107955 | Depths:2 | Learned a level 5 spell: Silence
109492 | Depths:2 | Noticed a juggernaut
109507 | Depths:2 | Paralysed by a floating eye for 4 turns
109526 | Depths:2 | Identified the +9 halberd "Iczyutom" {pain, Fragile Will++
                  | Int+6}
109545 | Depths:2 | HP: 4/201 [hell knight/the +9 halberd "Iczyutom" {pain,
                  | Fragile Will++ Int+6} (9)]
109548 | Depths:2 | The Shining One protects you from harm!
109548 | Depths:2 | Demolished by a walking earthen tome

Illustrated notes

Levels and vault maps discovered:
D:1:      wander_arrival_estate, layout_loops_corners,
          dreamdust_ecumenical_altar_drowned_temple
D:2:      layout_basic, nrook_loot_triangle, chequers_serial_rivers_micro_c
D:3:      layout_loops_cross, serial_shops, shop_statue, minivault_19
D:4:      layout_rooms
D:5:      layout_loops_cross, portal_sewer_entry_f, kb_lookout_dungeons_type
D:6:      layout_basic, serial_shops, nicolae_shop_bloodbath_and_beyond
D:7:      layout_loops_cross, minmay_temple_entry_mini_moons, uniq_joseph
D:8:      layout_loops_ring, minitemple, dpeg_oklobed_lair, special_room
          [special_room_orc], nrook_uturn, palyth_stone_intersect, uniq_pikel
D:9:      layout_loops_corners, serial_undead, serial_undead_a, serial_undead_a,
          serial_undead_e, serial_undead_d, serial_undead_f, serial_undead_a,
          serial_undead_f, serial_undead_c, amcnicky_mini_pool_small
D:10:     layout_stronghold, enter_bailey_4
D:11:     layout_gridville, minmay_orc_entry_temple_small
D:12:     layout_long_grid, minmay_lindwurm_lava
D:13:     layout_stronghold, grunt_vaults_entry_tiered, uniq_nessos, uniq_snorg,
          uniq_sonja
D:14:     layout_irregular_city, chequers_serial_rivers_small_3,
          portal_ice_cave_entry_pillars_four, uniq_azrael
D:15:     grunt_enter_depths_hoard, layout_basic,
          amcnicky_mini_rare_corridor_liquid, minmay_pinched_square
Temple:   regret_index_temple_chain_breaker
Lair:1:   layout_layer_cave, minivault_27, nicolae_quartered_pool_super,
          lemuel_fruit_fields, infiniplex_staircase_pool
Lair:2:   layout_cave_shapes, minmay_shoals_entry_lonely_mermaid,
          minmay_snake_entry_six_corridors, serial_bayou_pond_e,
          grunt_forest_large_clearings
Lair:3:   layout_layer_cave, uniq_rupert
Lair:4:   layout_gridlike, minivault_27
Lair:5:   layout_loops_ring, nicolae_slime_entry_slimehenge,
          gammafunk_ghost_hydra_chop, ice2_lemuel, infiniplex_staircase_pool_2
Lair:6:   guppyfry_lair_end_dragon, layout_long_grid, gammafunk_ghost_cemetery,
          hibernation_bobbens
Shoals:1: layout_shoals, nicolae_shoals_water_elemental_grotto, uniq_donald
Shoals:2: layout_shoals, nicolae_shoals_nautilus_by_nature, uniq_ilsuiw,
          uniq_nikola
Shoals:3: layout_shoals
Shoals:4: shoals_end_grunt_garden, layout_shoals, shoals_ilsuiw_alternative,
          uniq_kirke
Snake:1:  layout_layer_cave, nicolae_snake_serpentine_hallways, uniq_roxanne,
          uniq_jorgrun, uniq_aizul
Snake:2:  layout_cave_shapes, grunt_ministairs_7
Snake:3:  layout_misc_corridors, minmay_shop_star
Snake:4:  snake_pit_salamanders_mu, layout_cave_town
Slime:1:  layout_caves
Slime:2:  layout_caves, cheibrodos_slime_lost_civilization_7
Slime:3:  layout_caves
Slime:4:  layout_caves
Slime:5
Orc:1:    layout_caves, lemuel_statue_altar
Orc:2:    st_orc_elflike, layout_diamond_mine
Elf:1:    nicolae_elf_arrival_dilemma, layout_geoelf_grid, serial_shops,
          nicolae_take_the_stairs, orc_legates
Elf:2:    elven_hall_of_blades_hangedman_original
          [nicolae_blade_entry_area_security], layout_loops_corners,
          minivault_13, uniq_agnes
Elf:3:    minmay_elf_hall_furrowed, layout_rooms, serial_shops, bzr_entry_safe,
          grunt_megastairs_3
Vaults:1: grunt_vaults_trifunnel, vaults_dpeg_hooks, ontoclasm_vaults_idyll,
          ontoclasm_vaults_ligature, nicolae_vaults_what_the_h,
          hangedman_vaults_nails, vaults_room_grid, nicolae_vaults_rhombus_6,
          nicolae_vaults_border_crossing, v_misc_18, v_misc_11,
          st_smaller_cells, ontoclasm_vaults_decontamination,
          layout_vaults_maze_snakey, serial_shops, nicolae_shop_statue_plus
Vaults:2: portal_desolation_entry_salt, vaults_room_hallway,
          nicolae_vaults_circle_grid_a, ontoclasm_vaults_ring_large,
          layout_vaults_omnigrid
Vaults:3: minmay_crypt_entry_necro_gods, hangedman_vaults_impose, v_rooms_5,
          vaults_room_guarded_vault, nicolae_vaults_three_branches,
          nicolae_vaults_theta, grunt_vaults_funnel, v_misc_31,
          nicolae_vaults_rhombus_6, v_misc_3, nicolae_vaults_mini_display_case,
          layout_vaults_big_room
Vaults:4: hangedman_vaults_slice, st_spiral_rooms, dpeg_vaults_monster_row,
          nicolae_vaults_rhombus_7, nicolae_vaults_little_squares_3,
          nicolae_vaults_inception_statues, v_rooms_3, hangedman_vaults_impose,
          vaults_dpeg_spiral, vaults_dpeg_ring, dpeg_vaults_monster_box,
          vaults_room_semicircle, nicolae_vaults_diagonal_hallway_8,
          layout_vaults_omnicross
Crypt:1:  layout_gridlike, nicolae_crypt_twisting_catacombs
Crypt:2:  gammafunk_dig_for_victory, layout_chaotic_city, lemuel_elevator
Crypt:3:  evilmike_haunted_forest
Depths:1: layout_cave_pools, hell_entry, abyss_entry_crystal,
          minmay_misc_feat_hallway, minmay_misc_feat_iff, skrybe_limestone_x,
          minmay_metal_thing, uniq_asterion, uniq_saint_roka, uniq_bai_suzhen
Depths:2: minmay_the_grid_triangle_9x9_rhombus_thin
          [minmay_the_grid_triangle_9x9_corrupted_corridor,
          minmay_the_grid_triangle_9x9_prize_center,
          minmay_the_grid_triangle_9x9_stretched_checkered,
          minmay_the_grid_triangle_9x9_checkered], layout_honeycomb,
          nicolae_water_bricks, pan_entry, minmay_room_of_horrors,
          grunt_hell_entry_dis_grunt, uniq_enchantress

Skill      XL: |  1  2  3  4  5  6  7  8  9 10 11 12 13 14 15 16 17 18 19 20 21 22 23 24 |
---------------+-------------------------------------------------------------------------+-----
Fighting       | 11 12 13 14 15 16 17 18 19 | 19.2
Invocations    | 1 2 3 4 5 6 7 8 9 10 11 12 13 14 15 16 17 18 | 18.0
Short Blades   | 1 2 3 5 6 7 8 9 10 11 12 13 14 15 16 | 16.8
Long Blades    | 1 2 3 5 6 7 8 9 10 11 12 13 14 15 16 | 16.6
Axes           | 1 2 3 5 6 7 8 9 10 11 12 13 14 15 16 | 16.6
Maces & Flails | 1 2 3 5 6 7 8 9 10 11 12 13 14 15 16 | 16.6
Polearms       | 1 2 3 5 6 7 8 9 10 11 12 13 14 15 16 | 16.6
Staves         | 1 2 3 5 6 7 8 9 10 11 12 13 14 15 16 | 16.6
Slings         | 1 2 3 5 6 7 8 9 10 11 12 13 14 15 16 | 16.6
Crossbows      | 1 2 3 5 6 7 8 9 10 11 12 13 14 15 16 | 16.6
Throwing       | 1 2 3 5 6 7 8 9 10 11 12 13 14 15 16 | 16.6
Armour         | 1 2 3 5 6 7 8 9 10 11 12 13 14 15 16 | 16.6
Stealth        | 1 2 3 5 6 7 8 9 10 11 12 13 14 15 16 | 16.6
Shields        | 1 2 3 5 6 7 8 9 10 11 12 13 14 15 16 | 16.6
Unarmed Combat | 1 2 3 5 6 7 8 9 10 11 12 13 14 15 16 | 16.6
Spellcasting   | 1 2 3 5 6 7 8 9 10 11 12 13 14 15 16 | 16.6
Evocations     | 1 2 3 5 6 7 8 9 10 11 12 13 14 15 16 | 16.6
Conjurations   | 1 2 3 4 5 6 7 8 9 10 11 12 13 14 | 14.1
Hexes          | 1 2 3 4 5 6 7 8 9 10 11 12 13 14 | 14.1
Summonings     | 1 2 3 4 5 6 7 8 9 10 11 12 13 14 | 14.1
Necromancy     | 1 2 3 4 5 6 7 8 9 10 11 12 13 14 | 14.1
Translocations | 1 2 3 4 5 6 7 8 9 10 11 12 13 14 | 14.1
Transmutations | 1 2 3 4 5 6 7 8 9 10 11 12 13 14 | 14.1
Fire Magic     | 1 2 3 4 5 6 7 8 9 10 11 12 13 14 | 14.1
Ice Magic      | 1 2 3 4 5 6 7 8 9 10 11 12 13 14 | 14.1
Air Magic      | 1 2 3 4 5 6 7 8 9 10 11 12 13 14 | 14.1
Earth Magic    | 1 2 3 4 5 6 7 8 9 10 11 12 13 14 | 14.6
Poison Magic   | 1 2 3 4 5 6 7 8 9 10 11 12 13 14 | 14.1
Bows           | 5 6 7 8 9 10 11 12 13 14 15 16 17 | 17.1
Dodging        | 7 8 9 10 11 12 13 14 15 16 17 | 17.7

Action                   |  1- 3 |  4- 6 |  7- 9 | 10-12 | 13-15 | 16-18 | 19-21 | 22-24 || total
-------------------------+-------+-------+-------+-------+-------+-------+-------+-------++-------
Melee: Shortbow          |       |     1 |       |     2 |       |       |       |       ||     3
       Whip              |       |     2 |       |       |       |       |       |       ||     2
       Dagger            |       |       |       |    21 |       |       |       |       ||    21
       Bite              |       |       |       |     7 |       |       |    90 |   176 ||   273
       Punch             |       |       |       |     1 |       |       |       |       ||     1
       Broad axe         |       |       |       |       |       |     3 |   421 |   776 ||  1200
 Fire: Shortbow          |    92 |   184 |   401 |   800 |   439 |       |       |       ||  1916
       Longbow           |       |       |       |       |   475 |   258 |       |       ||   733
       Hunting sling     |       |       |       |       |       |   452 |     6 |    87 ||   545
       Hand crossbow     |       |       |       |       |       |   319 |   515 |   239 ||  1073
Throw: Throwing net      |       |     1 |       |       |       |       |       |       ||     1
       Dart              |       |     7 |     6 |     1 |       |     9 |    22 |    68 ||   113
       Javelin           |       |       |       |       |       |       |    82 |    23 ||   105
 Cast: Summon Lightning  |       |       |     1 |     9 |    99 |   254 |   180 |   124 ||   667
       Frozen Ramparts   |       |       |       |    28 |    73 |    65 |    42 |    42 ||   250
       Wereblood         |       |       |       |     4 |     3 |     1 |     7 |     8 ||    23
       Sticky Flame      |       |       |       |       |    11 |     5 |    13 |    24 ||    53
       Iron Shot         |       |       |       |       |     7 |    57 |    22 |    21 ||   107
       Blink             |       |       |       |       |     1 |     1 |     2 |       ||     4
       Ozocubu's Refrige |       |       |       |       |       |    29 |    58 |    78 ||   165
       Spellforged Servi |       |       |       |       |       |     7 |     4 |    32 ||    43
       Lee's Rapid Decon |       |       |       |       |       |       |     6 |    32 ||    38
       Irradiate         |       |       |       |       |       |       |    11 |    26 ||    37
       Mephitic Cloud    |       |       |       |       |       |       |     2 |     3 ||     5
       Fireball          |       |       |       |       |       |       |       |    27 ||    27
       Freezing Cloud    |       |       |       |       |       |       |       |    25 ||    25
       Silence           |       |       |       |       |       |       |       |     2 ||     2
Invok: Curse Item        |       |       |     2 |     2 |     5 |     1 |     1 |       ||    11
       Shatter the Chain |       |       |       |       |     2 |     2 |     3 |       ||     7
       Divine Shield     |       |       |       |       |       |       |       |     2 ||     2
       Cleansing Flame   |       |       |       |       |       |       |       |     1 ||     1
       Summon Divine War |       |       |       |       |       |       |       |     1 ||     1
       Brand Weapon With |       |       |       |       |       |       |       |     1 ||     1
Evoke: Wand              |       |       |     4 |     7 |    20 |    16 |    12 |    14 ||    73
       Lightning rod     |       |       |       |       |     6 |     6 |     3 |     1 ||    16
       Phantom mirror    |       |       |       |       |       |     1 |     1 |     2 ||     4
       Phial of floods   |       |       |       |       |       |       |       |     1 ||     1
  Use: Potion            |       |     2 |     9 |     1 |    17 |     3 |     2 |    19 ||    53
       Scroll            |       |       |    18 |     8 |    14 |    13 |     1 |    19 ||    73
 Stab: Sleeping          |       |       |       |       |       |       |     8 |       ||     8
       Distracted        |       |       |       |       |       |       |    10 |       ||    10
Armor: Leather armour    |     5 |    48 |    86 |    81 |       |       |       |       ||   220
       Robe              |       |       |    11 |    30 |   139 |   103 |    89 |   125 ||   497
       Skin              |       |       |     2 |       |       |       |       |       ||     2
       Troll leather arm |       |       |       |    12 |       |       |       |       ||    12
       Ring mail         |       |       |       |       |       |       |       |    49 ||    49
       Acid dragon scale |       |       |       |       |       |       |       |    30 ||    30
Dodge: Dodged            |    11 |   119 |   303 |   504 |   381 |   405 |   342 |   636 ||  2701
Block: Other             |       |       |       |    43 |    94 |    62 |       |       ||   199
       Reflection        |       |       |       |       |     6 |    51 |    51 |    14 ||   122
       Buckler           |       |       |       |       |       |   154 |   382 |   433 ||   969

Table legend: (Time is in decaauts)
 A = Elapsed time spent in this place.
 B = Non-inter-level travel time spent in this place.
 C = Inter-level travel time spent in this place.
 D = Time resting spent in this place.
 E = Time spent auto-exploring this place.
 F = Levels seen in this place.
 G = Mean time per level.
                   A        B        C        D        E       F      G
               +--------+--------+--------+--------+--------+-----+--------+
         Total | 110068 |  67562 |  42506 |  25993 |  19147 |  54 | 2038.3 |
       Dungeon |  30991 |  16608 |  14383 |   6409 |   5786 |  15 | 2066.1 |
        Temple |    666 |    568 |     98 |    387 |    109 |   1 |  666.0 |
          Lair |  13809 |   7899 |   5910 |   3128 |   3140 |   6 | 2301.5 |
        Shoals |  10412 |   7004 |   3408 |   2859 |   2348 |   4 | 2603.0 |
     Snake Pit |  11344 |   6033 |   5311 |   2589 |   1217 |   4 | 2836.0 |
    Slime Pits |   4804 |   3887 |    917 |   1647 |   1069 |   5 |  960.8 |
  Orcish Mines |   4008 |   1309 |   2699 |    279 |    293 |   2 | 2004.0 |
   Elven Halls |   7270 |   4505 |   2765 |   1504 |   1196 |   3 | 2423.3 |
        Vaults |  11775 |   6508 |   5267 |   2797 |   1494 |   4 | 2943.8 |
         Crypt |   3429 |   2520 |    909 |    383 |    917 |   3 | 1143.0 |
        Depths |   3588 |   2753 |    835 |    892 |    813 |   2 | 1794.0 |
        Bazaar |    173 |    173 |      0 |      0 |      0 |   1 |  173.0 |
         Sewer |    862 |    862 |      0 |    361 |    266 |   1 |  862.0 |
        Bailey |    354 |    354 |      0 |    107 |      0 |   1 |  354.0 |
      Ice Cave |   3033 |   3033 |      0 |   1869 |    237 |   1 | 3033.0 |
    Desolation |   3543 |   3543 |      0 |    780 |    260 |   1 | 3543.0 |
               +--------+--------+--------+--------+--------+-----+--------+

Top non-repeatable levels by time:
 Snake:4: 4798 daAuts
    D:13: 4031 daAuts
     D:8: 3671 daAuts
Vaults:1: 3568 daAuts
Desolation: 3543 daAuts
    D:10: 3501 daAuts
Shoals:3: 3387 daAuts
  Lair:6: 3150 daAuts
 Snake:1: 3144 daAuts
   IceCv: 3033 daAuts
  Lair:2: 3027 daAuts
Vaults:3: 3019 daAuts
Shoals:1: 2997 daAuts
  Lair:5: 2935 daAuts
Vaults:2: 2674 daAuts
